 Dungeon Crawl Stone Soup version 0.23.2-1-ga50397a6bc (webtiles) character file.

Game seed: 6263561931181776218

81 Mrkan the Shield-Bearer (level 4, 0/29 HPs)
             Began as a Gargoyle Fighter on May 18, 2019.
             Slain by a gnoll
             ... wielding a +0 halberd
              (4 damage)
             ... on level 3 of the Dungeon.
             The game lasted 00:02:51 (1435 turns).

Mrkan the Shield-Bearer (Gargoyle Fighter)          Turns: 1435, Time: 00:02:52

Health: 0/29       AC: 10    Str: 20    XL:     4   Next: 42%
Magic:  4/4        EV:  7    Int:  9    God:
Gold:   51         SH:  9    Dex:  9    Spells: 3/3 levels left

rFire    . . .     SeeInvis .   a - +0 flail
rCold    . . .     Gourm    .   c - +0 shield
rNeg     + . .     Faith    .   b - +0 scale mail
rPois    ∞         Spirit   .   (no helmet)
rElec    +         Reflect  .   (no cloak)
rCorr    .         Harm     .   (no gloves)
MR       .....                  (no boots)
Stlth    ..........             (no amulet)
HPRegen  0.09/turn              (no ring)
MPRegen  0.09/turn              (no ring)

@: no status effects
A: negative energy resistance 1, electricity resistance, unbreathing,
petrification resistance, rot immunity, AC +3
a: no special abilities


You were on level 3 of the Dungeon.
You were not hungry.

You visited 1 branch of the dungeon, and saw 3 of its levels.

You collected 51 gold pieces.

Inventory:

Hand Weapons
 a - a +0 flail (weapon)
 t - a +0 mace of draining
Armour
 b - a +0 scale mail (worn)
 c - a +0 shield (worn)
 j - a +0 pair of gloves
Jewellery
 h - a cursed ring of attention {unknown}
 n - an uncursed ring of wizardry {unknown}
 y - an uncursed ring of poison resistance {unknown}
Scrolls
 e - a scroll of fog {unknown}
 g - a scroll of magic mapping {unknown}
 o - a scroll of amnesia {unknown}
 r - 2 scrolls of identify {unknown}
 v - 2 scrolls of remove curse {unknown}
 w - 2 scrolls of enchant weapon {unknown}
 x - a scroll of noise {unknown}
 z - a scroll of teleportation {unknown}
Potions
 d - a potion of might
 i - 2 potions of degeneration {unknown}
 k - a potion of invisibility {unknown}
 l - a potion of curing {unknown}
 m - a potion of ambrosia {unknown}
 p - a potion of heal wounds {unknown}
 q - a potion of agility {unknown}
 s - a potion of flight {unknown}
 u - a potion of lignification {unknown}
Comestibles
 f - a ration


   Skills:
 + Level 3.8 Fighting
 * Level 3.1 Maces & Flails
 + Level 3.8 Armour
 + Level 3.9 Shields


You had 3 spell levels left.
You didn't know any spells.
Your spell library was empty.

Dungeon Overview and Level Annotations

Branches:
Dungeon (3/15)

Altars:


Innate Abilities, Weirdness & Mutations

You are resistant to torment.
Your stone body is resilient. (AC +3)
You are immune to poison.
You resist negative energy. (rN+)
You are resistant to electric shocks. (rElec)
You can survive without breathing.
You are immune to petrification.
You are immune to rotting.


Message History

You hit the gnoll but do no damage. The gnoll hits you but does no damage.
You closely miss the gnoll. The gnoll hits you with a +0 halberd!
The gnoll barely misses you.
Your shield and scale mail prevent you from hitting the gnoll.
The gnoll hits you with a +0 halberd!
* * * LOW HITPOINT WARNING * * *
You hit the gnoll.
The gnoll is moderately wounded.
The gnoll hits you but does no damage.
You barely miss the gnoll.
The gnoll is moderately wounded.
The gnoll completely misses you.
You closely miss the gnoll.
The gnoll is moderately wounded.
A hobgoblin comes into view.
You block the gnoll's attack. The gnoll hits you but does no damage.
There is a stone staircase leading up here.
The gnoll hits you from afar with a +0 halberd.
You die...

##########
#@$......#
#........#
≈≈.g....g.....#
≈≈.≈........."#
≈≈..##....<...#
≈≈≈. #........#
≈≈≈ #........#
≈≈ ...!.....#
.....#..##


You could see a gnoll.

Vanquished Creatures
  2 gnolls (D:2)
  2 adders (D:2)
  A dart slug (D:1)
  3 leopard geckos (D:1)
  An orc (D:3)
  5 giant cockroaches
  5 goblins
  3 hobgoblins
  6 bats
  2 frilled lizards (D:2)
  5 kobolds
  3 rats
38 creatures vanquished.

Notes
Turn   | Place    | Note
-------+----------+-------------------------------------------
     0 | D:1      | Mrkan the Gargoyle Fighter began the quest for the Orb.
     0 | D:1      | Reached XP level 1. HP: 14/14 MP: 1/1
   236 | D:1      | Reached XP level 2. HP: 19/19 MP: 2/2
   948 | D:2      | Reached XP level 3. HP: 19/23 MP: 3/3
  1263 | D:2      | Reached XP level 4. HP: 27/29 MP: 4/4
  1435 | D:3      | Slain by a gnoll

Skill      XL: |  1  2  3 |
---------------+----------+-----
Maces & Flails | 3 |  3.1
Fighting       | |  3.8
Armour         | |  3.8
Shields        | |  3.9

Action                   |  1- 3 |  4- 6 || total
-------------------------+-------+-------++-------
Melee: Flail             |   130 |    19 ||   149
  Eat: Chunk             |     1 |     1 ||     2
Armor: Scale mail        |    86 |     9 ||    95
Dodge: Dodged            |    40 |    10 ||    50
Block: Shield            |    87 |    13 ||   100
